 Dungeon Crawl Stone Soup version 0.28.0-53-g5a82cb258f (webtiles) character file.

Game seed: 16168088086282641734

14417 Zeld the Cleaver (level 11, 0/108 HPs)
             Began as a Minotaur Berserker on May 24, 2022.
             Was a High Priest of Trog.
             Killed from afar by Maurice (14 damage)
             ... with a bolt of acid
             ... on level 11 of the Dungeon.
             The game lasted 00:13:44 (21251 turns).

Zeld the Cleaver (Minotaur Berserker)              Turns: 21251, Time: 00:13:45

Health: 0/108      AC: 13    Str: 25    XL:     11   Next: 88%
Magic:  10/10      EV: 10    Int:  4    God:    Trog [*****.]
Gold:   251        SH:  0    Dex: 11    Spells: 10/10 levels left

rFire   . . .      SeeInvis .   j - +2 short sword (venom)
rCold   . . .      Faith    .   (no shield)
rNeg    . . .      Spirit   .   r - +0 plate armour {Will+}
rPois   .          Reflect  .   (helmet restricted)
rElec   .          Harm     .   A - +0 cloak
rCorr   .          Rampage  .   (no gloves)
Will    +++..                   h - +0 pair of boots
Stlth   ..........              (no amulet)
HPRegen 1.28/turn               (no ring)
MPRegen 0.12/turn               (no ring)

@: strong-willed, corroded, regenerating
A: horns 2, retaliatory headbutt
a: Renounce Religion, Berserk, Trog's Hand, Brothers in Arms


You were on level 11 of the Dungeon.
You worshipped Trog.
Trog was extremely pleased with you.
You visited 2 branches of the dungeon, and saw 12 of its levels.

You collected 579 gold pieces.
You spent 328 gold pieces at shops.

Inventory:

Hand Weapons
 a - a +0 war axe
 j - a +2 short sword of venom (weapon)
Armour
 h - a +0 pair of boots (worn)
 r - a +0 plate armour of willpower (worn)
 A - a +0 cloak (worn)
Wands
 v - a wand of flame (32)
 y - a wand of polymorph (7)
 C - a wand of iceblast (5)
Scrolls
 c - 4 scrolls of teleportation
 f - 5 scrolls of fear
 g - 2 scrolls of identify
 p - a scroll of silence
 t - 2 scrolls of enchant armour
 w - 2 scrolls of holy word
Potions
 b - 2 potions of might {unknown}
 d - a potion of degeneration {unknown}
 e - a potion of ambrosia {unknown}
 i - 2 potions of attraction {unknown}
 k - a potion of haste
 l - 2 potions of resistance {unknown}
 n - 3 potions of flight
 s - a potion of invisibility {unknown}
 u - 2 potions of curing {unknown}
 x - 4 potions of lignification {unknown}
 z - a potion of heal wounds {unknown}
 F - a potion of berserk rage
 G - 2 potions of mutation
Miscellaneous
 E - a phantom mirror


   Skills:
 * Level 13.8 Fighting
 * Level 13.9 Axes
 + Level 9.8 Armour
 + Level 8.9 Dodging


You had 10 spell levels left.
You didn't know any spells.
Your spell library was empty.

Dungeon Overview and Level Annotations

Branches:
Dungeon (11/15)            Temple (1/1) D:6            Lair (0/6) D:10
    Orc (0/2) D:10

Altars:
Ashenzari
Cheibriados
Dithmenos
Elyvilon
Fedhas
Gozag
Hepliaklqana
Kikubaaqudgha
Makhleb
Nemelex Xobeh
Okawaru
Qazlal
Ru
Sif Muna
Trog
Uskayaw
Vehumet
Wu Jian
Xom
Yredelemnul
Zin
The Shining One

Shops:
D:3 !   D:6 (=*[:

Annotations:
D:9 exclusion: 2 oklob plants
D:11 Maurice


Innate Abilities, Weirdness & Mutations

You have a pair of horns on your head.
You reflexively headbutt those who attack you in melee.


Message History

There is a stone staircase leading down, spattered with blood here.
You start resting.
You feel the effects of Trog's Hand fading.
You start resting.
You are no longer corroded.
You start resting.
Your skin stops crawling.
You feel less strong-willed.
You start resting.
HP restored.
You climb downwards.
Level annotation: Maurice
There is a stone staircase leading up here.
No target in view!
Things that are here:
a +0 robe; a +0 dagger Maurice is nearby!
Maurice is nearby!
Maurice shoots an arrow.
The arrow hits you but does no damage.
Maurice unwields a +0 shortbow.
Maurice wields a +0 dagger.
Maurice barely misses you.
You miss Maurice. Your headbutt misses Maurice.
Maurice is moderately wounded.
Maurice hits you with a +0 dagger. Maurice steals your wand of acid (13)!
You hit Maurice but do no damage. You headbutt Maurice, but do no damage.
Maurice is moderately wounded.
Maurice zaps a wand.
The bolt of acid hits you!! The acid corrodes you!
You hit Maurice.
Maurice is poisoned.
Maurice is moderately wounded.
Maurice zaps a wand.
The bolt of acid hits you!! The acid corrodes you!
You puncture Maurice!
Maurice looks as sick as possible!
You headbutt Maurice.
Maurice is heavily wounded.
Maurice zaps a wand.
The bolt of acid hits you!!!
* * * LOW HITPOINT WARNING * * *
The acid corrodes you!
You are too injured to fight recklessly!
You are too injured to fight recklessly!
Your skin crawls.
You feel strong-willed.
Maurice zaps a wand.
The bolt of acid hits you!
You die...

#.#.## ##########....#
#.............#
#.###########.# #####
#.##...†......# .....##
#.##.##########
......#######.##.#
......#.......#.#
#....####.@#.# #....#[)#...@#
######....#[<[..#.#
#.....##..#########
#.....##.....# #..
#.....##..##.# #.#
##.....###.##)###.#
.'.....'...)...>#.######+#####
##.....###))###{#.............


You could see Maurice (extremely poisoned).

Vanquished Creatures
  Harold (D:7)
  Erica (D:9)
  A centaur warrior (D:8)
  A two-headed ogre (D:10)
  Pikel (D:5)
  2 kobold demonologists (D:9)
  A komodo dragon (D:11)
  A troll (D:10)
  A hornet (D:9)
  A wraith (D:8)
  A wyvern (D:9)
  Eustachio (D:5)
  25 yaks
  2 steam dragons
  3 water moccasins
  5 orc warriors
  2 ice beasts (D:8)
  2 black bears
  3 sky beasts (D:6)
  An ogre (D:4)
  A necrophage (D:5)
  A hornet zombie (D:4)
  9 centaurs
  A lemure (D:5)
  A phantom (D:7)
  4 kobold brigands
  A bullfrog (D:8)
  7 scorpions
  A wyvern skeleton (D:5)
  A water moccasin zombie (D:4)
  5 killer bees (D:11)
  A water moccasin skeleton (D:6)
  4 wights (D:7)
  2 electric eels (D:10)
  5 howler monkeys
  A bullfrog zombie (D:6)
  4 centaur zombies
  2 gnoll shamans
  5 orc priests
  A hound (D:7)
  A scorpion zombie (D:5)
  Crazy Yiuf (D:7)
  Natasha (thrice) (D:2)
  A centaur skeleton (D:7)
  Jessica (D:2)
  9 orc wizards
  4 iguanas
  A killer bee zombie (D:6)
  A centaur simulacrum (D:8)
  5 hound zombies (D:4)
  2 hound skeletons
  Robin (D:2)
  3 howler monkey zombies
  20 gnolls
  10 adders
  2 white imps
  A howler monkey simulacrum (D:8)
  4 ufetubi
  2 adder zombies (D:4)
  4 adder skeletons (D:4)
  2 worms
  29 orcs
  7 ball pythons
  4 bats
  8 endoplasms
  4 giant cockroaches
  8 hobgoblins
  5 jackals
  12 kobolds
  A quokka (D:2)
  4 frilled lizards
  17 goblins
  2 quokka zombies (D:4)
  5 rats
297 creatures vanquished.

Vanquished Creatures (others)
  A bush (D:6)
  A withered plant (D:4)
2 creatures vanquished.

Grand Total: 299 creatures vanquished

Notes
Turn   | Place    | Note
-------+----------+-------------------------------------------
     0 | D:1      | Zeld the Minotaur Berserker began the quest for the Orb.
     0 | D:1      | Reached XP level 1. HP: 19/19 MP: 0/0
   132 | D:1      | Reached XP level 2. HP: 27/27 MP: 1/1
   132 | D:1      | Found a faded altar of an unknown god.
   342 | D:1      | Reached ** piety under Trog
   415 | D:1      | Reached XP level 3. HP: 12/33 MP: 2/2
   975 | D:2      | Found a stormy altar of Qazlal.
  1025 | D:2      | Noticed Robin
  1026 | D:2      | Noticed Jessica
  1740 | D:2      | Reached XP level 4. HP: 10/41 MP: 3/3
  2097 | D:2      | Killed Robin
  2153 | D:2      | Killed Jessica
  2347 | D:2      | Reached skill level 5 in Axes
  2612 | D:2      | Noticed Natasha
  2617 | D:2      | Killed Natasha
  2618 | D:2      | Reached skill level 5 in Fighting
  2618 | D:2      | Reached XP level 5. HP: 47/48 MP: 4/4
  2739 | D:2      | Noticed Natasha
  2745 | D:2      | Killed Natasha
  2798 | D:2      | Noticed Natasha
  2807 | D:2      | Killed Natasha
  3095 | D:3      | Found Noapnih's Distillery.
  3099 | D:3      | Bought 2 potions of flight for 78 gold pieces
  3410 | D:3      | Reached *** piety under Trog
  3561 | D:3      | Reached XP level 6. HP: 46/56 MP: 5/5
  4979 | D:4      | Reached XP level 7. HP: 40/63 MP: 6/6
  6202 | D:5      | Entered Level 5 of the Dungeon
  6221 | D:4      | HP: 2/66 [black bear (5)]
  6473 | D:5      | Reached skill level 5 in Armour
  6473 | D:5      | Reached XP level 8. HP: 55/73 MP: 7/7
  6744 | D:5      | Found an ancient bone altar of Kikubaaqudgha.
  6744 | D:5      | Found a shimmering altar of Xom.
  6753 | D:5      | Found a faded altar of an unknown god.
  6755 | D:5      | Found an ornate altar of the Wu Jian Council.
  6756 | D:5      | Found a white marble altar of Elyvilon.
  7053 | D:5      | Noticed Pikel
  7084 | D:5      | Killed Pikel
  7085 | D:5      | Reached skill level 5 in Dodging
  7679 | D:5      | Noticed Eustachio
  7701 | D:5      | Killed Eustachio
  7848 | D:6      | Reached XP level 9. HP: 69/82 MP: 8/8
  7960 | D:6      | Found a staircase to the Ecumenical Temple.
  7972 | Temple   | Entered the Ecumenical Temple
  8205 | D:6      | Found a bloodstained altar of Trog.
  8328 | D:6      | Found Omott's Book Shoppe.
  8352 | D:6      | Found Mawuitue's Assorted Antiques.
  8366 | D:6      | Bought a scroll labelled EFOZOUG SYRURPH for 27 gold pieces
  8366 | D:6      | Bought a scroll labelled EFOZOUG SYRURPH for 27 gold pieces
  8366 | D:6      | Bought a scroll labelled HYEMARHUTWA for 27 gold pieces
  8792 | D:6      | Found Ufezxahu's Antique Armour Shoppe.
  9452 | D:6      | Found Osotsysm's Weapon Shop.
  9661 | D:6      | Found Mucwet's Jewellery Shoppe.
  9706 | D:7      | Reached **** piety under Trog
  9800 | D:7      | Reached skill level 10 in Axes
 10473 | D:7      | You fall into a shaft and drop 2 floors!
 10473 | D:9      | Noticed Erica
 10510 | D:8      | Reached skill level 10 in Fighting
 11366 | D:8      | Found a sacrificial altar of Ru.
 11369 | D:8      | Identified the +9 long sword of Dividends {vorpal, rF++
                  | Str-5}
 12174 | D:7      | Noticed Harold
 12199 | D:7      | Killed Harold
 12200 | D:7      | Reached XP level 10. HP: 33/94 MP: 9/9
 12733 | D:7      | Found a runed translucent door.
 12734 | D:7      | Noticed Crazy Yiuf
 12814 | D:7      | Identified the +7 rapier "Rowkeo" {flame, Fly}
 13103 | D:7      | Killed Crazy Yiuf
 13392 | D:8      | Noticed a centaur warrior
 13410 | D:8      | Killed a centaur warrior
 14776 | D:9      | Noticed an oklob plant
 14779 | D:9      | Paralysed by a floating eye for 4 turns
 14807 | D:9      | Noticed a smoke demon
 14825 | D:9      | Reached ***** piety under Trog
 15113 | D:9      | Reached XP level 11. HP: 76/104 MP: 10/10
 15407 | D:9      | Noticed an oklob plant
 15407 | D:9      | Paralysed by a floating eye for 3 turns
 15763 | D:9      | Killed Erica
 16387 | D:3      | Bought a potion of berserk rage for 65 gold pieces
 16387 | D:3      | Bought a potion of mutation for 104 gold pieces
 16569 | D:10     | Entered Level 10 of the Dungeon
 16606 | D:10     | Noticed a two-headed ogre
 16631 | D:10     | Killed a two-headed ogre
 19588 | D:10     | Found a staircase to the Lair.
 19808 | D:10     | Found a staircase to the Orcish Mines.
 20553 | D:11     | Noticed Maurice
 20961 | D:11     | HP: 5/108 [something (4)]
 21251 | D:11     | Killed from afar by Maurice

Illustrated notes

Levels and vault maps discovered:
D:1:      lemuel_arrival_rhombus, layout_rooms, shapermc_ecumenical_altar_petra,
          minmay_misc_feat_tiny
D:2:      layout_rooms, basic_altar, uniq_jessica, uniq_natasha, uniq_robin
D:3:      layout_basic, serial_shops, nicolae_shop_trees,
          chequers_serial_rivers_micro_b
D:4:      layout_basic, serial_undead, serial_undead_a, serial_undead_d,
          serial_undead_c, serial_undead_d, serial_undead_a
D:5:      layout_basic, chequers_temple_overflow_minitemple, st_stairs_4,
          minmay_misc_feat_five, uniq_pikel, uniq_eustachio
D:6:      layout_loops_ring, mainiacjoe_overflow_24_doors, temple_doors_e,
          serial_shops, kennysheep_little_box, kennysheep_mini_moat,
          nicolae_shop_competitors_out_of_business, kennysheep_mini,
          nicolae_shop_window_shopping, kb_lookout_dungeons_type
D:7:      layout_loops_ring, uniq_harold, uniq_crazy_yiuf_cottage
D:8:      layout_basic, lemuel_round_altar, serial_ice, serial_ice_e,
          serial_ice_f, serial_ice_a, serial_ice_b, small_chamber_with_monster
D:9:      layout_basic, disabler_island, uniq_erica
D:10:     layout_basic, lair_entry_dummy, david_orc_4, bh_walls_and_bars
D:11:     layout_basic, kennysheep_generic_room_16, uniq_maurice
Temple:   eino_temple_scatter_basement

Skill      XL: |  1  2  3  4  5  6  7  8  9 10 11 |
---------------+----------------------------------+-----
Axes           | 4 5 6 7 9 11 12 13 | 13.9
Fighting       | 4 5 6 7 8 10 12 13 | 13.8
Armour         | 3 4 5 6 7 8 9 |  9.8
Dodging        | 3 4 5 6 7 8 |  8.9

Action                   |  1- 3 |  4- 6 |  7- 9 | 10-12 || total
-------------------------+-------+-------+-------+-------++-------
Melee: Hand axe          |    75 |     4 |       |       ||    79
       Headbutt          |    10 |    22 |    81 |   139 ||   252
       Punch             |     2 |     3 |    10 |    12 ||    27
       Short sword       |       |   134 |   364 |   483 ||   981
Invok: Trog's Hand       |       |     1 |     1 |     2 ||     4
       Berserk           |       |       |     2 |       ||     2
Evoke: Wand              |       |       |       |     2 ||     2
  Use: Scroll            |       |       |     7 |     3 ||    10
 Stab: Sleeping          |     1 |     1 |       |       ||     2
Armor: Animal skin       |    33 |    24 |    20 |       ||    77
       Plate armour      |       |       |   195 |   394 ||   589
Dodge: Dodged            |    66 |    97 |   198 |   320 ||   681
